 Dungeon Crawl Stone Soup version 0.28-a0-1435-g82390b3a13 (webtiles) character file.

Game seed: 10774480103561852812

142 ytrimaz the Insei (level 5, -1/34 HPs)
             Began as an Octopode Transmuter on Jan 9, 2022.
             Slain by a river rat (10 damage)
             ... in a sewer.
             The game lasted 00:04:26 (3499 turns).

ytrimaz the Insei (Octopode Transmuter)             Turns: 3499, Time: 00:04:27

Health: -1/34      AC:  1    Str:  9    XL:     5   Next: 25%
Magic:  7/9        EV: 13    Int: 17    God:
Gold:   80         SH:  0    Dex: 13    Spells: 0/10 levels left

rFire   . . .      SeeInvis .     - Unarmed
rCold   . . .      Faith    .   (no shield)
rNeg    . . .      Spirit   .   (helmet currently unavailable)
rPois   +          Reflect  .   (no amulet)
rElec   .          Harm     .   a - ring of poison resistance
rCorr   .          Rampage  .   (no ring)
Will    .....                   (no ring)
Stlth   +++.......              (no ring)
HPRegen 0.11/turn               (no ring)
MPRegen 0.11/turn               (no ring)
                                (no ring)
                                (no ring)

@: appendages (expiring), wereblooded
A: tentacle spike 3, almost no armour, amphibious, 8 rings, camouflage 1,
gelatinous body 1, nimble swimmer 1, tentacles
a: End Transformation


You were in a sewer.
One of your tentacles had grown a beastly spike.
You visited 1 branch of the dungeon, and saw 3 of its levels.
You also visited: Sewer.

You collected 80 gold pieces.

Inventory:

Jewellery
 a - a ring of poison resistance (left tentacle)
Wands
 e - a wand of mindburst (12)
Potions
 b - 2 potions of degeneration {unknown}
 c - 2 potions of flight
 d - 3 potions of curing
 f - 2 potions of brilliance {unknown}
 h - a potion of haste {unknown}


   Skills:
 * Level 1.9 Fighting
 * Level 2.7 Dodging
 + Level 3.7 Unarmed Combat
 * Level 3.1 Spellcasting
 * Level 2.8 Transmutations


You couldn't memorise any spells.
You knew the following spells:

 Your Spells              Type           Power      Damage    Failure   Level
a - Beastly Appendage     Tmut           24%        N/A       5%          1
b - Wereblood             Tmut           12%        N/A       8%          2
c - Spider Form           Tmut/Pois      7%         N/A       28%         3
d - Ice Form              Ice/Tmut       7%         N/A       67%         4

Your spell library contained the following spells:

 Spells                   Type           Power      Damage    Failure   Level


Dungeon Overview and Level Annotations

Branches:
Dungeon (3/15)              Sewer (1/1)

Altars:


Innate Abilities, Weirdness & Mutations

One of your tentacles has grown a beastly spike.
You cannot wear most types of armour.
You are amphibious.
You can wear up to eight rings at the same time.
Your skin changes colour to match your surroundings (Stealth+).
Your rubbery body absorbs attacks. (AC +1, EV +1)
You are camouflaged when in or above water. (Stealth+)
You have tentacles for arms and can constrict up to eight enemies at once.


Message History

You pierce the river rat, but do no damage.
Your squeeze misses the river rat. The river rat closely misses you.
You barely miss the river rat. Your grab misses the river rat.
You pierce the river rat.
The river rat is lightly wounded.
The river rat completely misses you.
You tentacle-slap the river rat but do no damage.
You grab the river rat.
You pierce the river rat, but do no damage.
The river rat is lightly wounded.
You constrict the river rat, but do no damage.
The river rat bites you!
You release your grip on the river rat.
The river rat bites you.
Casting: Beastly Appendage (safe; 5% risk of failure)
Confirm with . or Enter, or press ? or * to list all spells.
Your blood is infused with primal strength.
The river rat misses you. The river rat completely misses you.
You tentacle-slap the river rat. Your grab misses the river rat.
You squeeze the river rat!
The river rat is severely wounded.
The river rat bites you. The river rat bites you!
* * * LOW HITPOINT WARNING * * *
You barely miss the river rat. You grab the river rat.
You pierce the river rat, but do no damage.
You squeeze the river rat, but do no damage.
The river rat is severely wounded.
Your transformation is almost over.
You constrict the river rat, but do no damage.
The river rat barely misses you. The river rat bites you.
* * * LOW HITPOINT WARNING * * *
You tentacle-slap the river rat but do no damage.
The river rat is severely wounded.
You constrict the river rat, but do no damage.
The river rat closely misses you.
Unknown command.
You tentacle-slap the river rat but do no damage.
The river rat is severely wounded.
You constrict the river rat. The river rat bites you!
You die...

.........##...........#.....#≈≈#
......................')...##≈≈#
...............≈.≈.≈..#.....#≈≈#
.....≈≈≈≈..≈≈≈.≈≈≈≈≈≈≈#..#..#≈≈#
.....≈≈≈≈≈≈≈≈≈≈≈≈≈≈≈≈≈#######≈≈#
.≈≈..≈≈≈≈≈≈≈≈≈≈≈≈≈≈≈≈≈≈≈≈≈≈≈≈≈≈#
≈≈≈≈≈≈≈≈≈≈≈≈≈≈≈≈≈≈≈≈≈≈≈≈≈≈≈≈≈≈ #
≈≈≈≈≈≈≈≈≈≈≈≈≈≈≈≈≈≈≈≈≈≈≈≈≈≈≈≈≈
≈≈≈≈≈≈≈≈≈≈≈≈≈≈≈@≈≈≈≈≈≈≈≈≈≈≈≈≈
...##≈≈rr≈≈≈≈≈≈≈≈≈≈≈≈
####..≈≈≈≈≈≈≈≈≈≈≈
#...≈≈≈#######≈ .........#
...........# ..####......+ .
###....# ######


You could see 2 river rats.

Vanquished Creatures
  5 adders
  An adder skeleton (D:3)
  3 worms (D:2)
  2 dart slugs
  3 orcs (D:3)
  5 ball pythons
  6 endoplasms
  2 giant cockroaches
  7 goblins
  4 hobgoblins
  6 jackals
  6 quokkas
  4 bats
  4 frilled lizards
  13 kobolds
  7 rats
78 creatures vanquished.

Notes
Turn   | Place    | Note
-------+----------+-------------------------------------------
     0 | D:1      | ytrimaz the Octopode Transmuter began the quest for the
                  | Orb.
     0 | D:1      | Reached XP level 1. HP: 13/13 MP: 3/3
   233 | D:1      | Reached XP level 2. HP: 10/18 MP: 3/5
   236 | D:1      | Learned a level 2 spell: Wereblood
   960 | D:1      | Reached XP level 3. HP: 23/23 MP: 4/6
   964 | D:1      | Learned a level 3 spell: Spider Form
  1811 | D:2      | Reached XP level 4. HP: 4/28 MP: 5/7
  2939 | D:3      | Found a faded altar of an unknown god.
  3011 | D:3      | Reached XP level 5. HP: 31/34 MP: 6/9
  3021 | D:3      | Learned a level 4 spell: Ice Form
  3296 | D:3      | Found a glowing drain.
  3301 | Sewer    | Entered a sewer
  3499 | Sewer    | Slain by a river rat

Illustrated notes

Levels and vault maps discovered:
D:1:      grunt_arrival_crossed_arrows, layout_rooms, amcnicky_mini_pool_small
D:2:      layout_loops_ring
D:3:      layout_rooms, dilly_ecumenical_altar_fadedgnrine, portal_sewer_entry_e
Sewer:    sewer_minmay_treatment

Skill      XL: |  1  2  3  4 |
---------------+-------------+-----
Spellcasting   | 3 |  3.1
Fighting       | |  1.9
Dodging        | |  2.7
Unarmed Combat | |  3.7
Transmutations | |  2.8

Action                   |  1- 3 |  4- 6 || total
-------------------------+-------+-------++-------
Melee: Unarmed           |    98 |    89 ||   187
       Constrict         |    26 |    20 ||    46
       Tentacles         |    16 |    18 ||    34
       Kick              |    23 |    25 ||    48
       Punch             |     1 |       ||     1
 Cast: Beastly Appendage |    24 |    19 ||    43
       Wereblood         |     3 |     5 ||     8
  Use: Scroll            |     1 |     4 ||     5
 Stab: Sleeping          |     3 |     3 ||     6
Armor: Skin              |     7 |     9 ||    16
Dodge: Dodged            |    54 |    65 ||   119

Table legend: (Time is in decaauts)
 A = Elapsed time spent in this place.
 B = Non-inter-level travel time spent in this place.
 C = Inter-level travel time spent in this place.
 D = Time resting spent in this place.
 E = Time spent auto-exploring this place.
 F = Levels seen in this place.
 G = Mean time per level.
                   A        B        C        D        E       F      G
               +--------+--------+--------+--------+--------+-----+--------+
         Total |   3485 |   3442 |     43 |    375 |   2439 |   4 |  871.2 |
       Dungeon |   3289 |   3246 |     43 |    254 |   2413 |   3 | 1096.3 |
         Sewer |    196 |    196 |      0 |    121 |     26 |   1 |  196.0 |
               +--------+--------+--------+--------+--------+-----+--------+

Top non-repeatable levels by time:
     D:2: 1510 daAuts
     D:1: 1353 daAuts
     D:3: 425 daAuts
   Sewer: 196 daAuts
